 Dungeon Crawl Stone Soup version 0.27.1-33-g824d729ab1 (webtiles) character file.

Game seed: 4500887301065189664

150112 DenSaoPin the Fencer (level 16, -4/137 HPs)
             Began as a Minotaur Fighter on Nov 30, 2021.
             Was a High Priest of Okawaru.
             Slain by a wolf spider (7 damage)
             ... on level 3 of the Spider Nest on Dec 1, 2021.
             The game lasted 03:26:31 (46402 turns).

DenSaoPin the Fencer (Minotaur Fighter)            Turns: 46402, Time: 03:26:31

Health: -4/137     AC: 23    Str: 26    XL:     16   Next: 98%
Magic:  19/21      EV:  6    Int:  8    God:    Okawaru [*****.]
Gold:   2804       SH:  0    Dex: 15    Spells: 22/22 levels left

rFire    + . .     SeeInvis +   Y - +8 falchion of Conversion {speed, rPois Int+4}
rCold    + . .     Faith    .   c - +0 kite shield
rNeg     . . .     Spirit   .   W - +1 crystal plate armour
rPois    +         Reflect  .   V - +0 hat
rElec    .         Harm     .   f - scarf {rC+ rF+}
rCorr    +         Rampage  .   u - +0 pair of gloves
Will     +....                  K - +0 pair of boots
Stlth    ..........             B - amulet of the acrobat
HPRegen  0.32/turn              F - ring of see invisible
MPRegen  0.17/turn              P - ring of resist corrosion

@: lethally poisoned (-4 -> -7), heroic, marked, corroded, unable to read, held
A: horns 2, retaliatory headbutt, thin skeletal structure 1, dopey 1, strong 1,
inability to read while threatened
a: Renounce Religion, Heroism, Finesse


You were on level 3 of the Spider Nest.
You worshipped Okawaru.
Okawaru was extremely pleased with you.
You visited 6 branches of the dungeon, and saw 30 of its levels.
You also visited: Sewer.

You collected 2936 gold pieces.
You spent 132 gold pieces at shops.

Inventory:

Hand Weapons
 a - the +9 demon blade of the Evening {flame, *Corrode rC++ Int+3}
   (You acquired it on level 8 of the Dungeon)

   It burns those it strikes, dealing additional fire damage.
   Big, fiery blades are also staple armaments of hydra-hunters.
   Int:       It affects your intelligence (+3).
   rC:        It greatly protects you from cold.
   *Corrode:  It may corrode you when you take damage.
 i - the +6 great sword "Eviscerator" {flame, *Rage rPois Str+5}
   (Okawaru gifted it to you on level 2 of the Spider Nest)

   It burns those it strikes, dealing additional fire damage.
   Big, fiery blades are also staple armaments of hydra-hunters.
   Str:       It affects your strength (+5).
   rPois:     It protects you from poison.
   *Rage:     It may make you go berserk in combat.
 x - the +9 long sword "Omya" {flame, *Rage rC+ Dex+3 SInv}
   (Okawaru gifted it to you on level 6 of the Lair of Beasts)

   It burns those it strikes, dealing additional fire damage.
   Big, fiery blades are also staple armaments of hydra-hunters.
   Dex:       It affects your dexterity (+3).
   rC:        It protects you from cold.
   SInv:      It lets you see invisible.
   *Rage:     It may make you go berserk in combat.
 U - a +5 double sword of holy wrath
 Y - the +8 falchion of Conversion (weapon) {speed, rPois Int+4}
   (You found it on level 1 of the Lair of Beasts)

   Attacks with this weapon are significantly faster.
   Int:       It affects your intelligence (+4).
   rPois:     It protects you from poison.
Missiles
 j - 13 silver javelins
 k - 135 poisoned darts (quivered)
 o - 5 throwing nets
 w - 22 curare-tipped darts
 H - 10 datura-tipped darts
 L - 10 javelins
 O - 4 atropa-tipped darts
 Q - 11 silver boomerangs
Armour
 c - a +0 kite shield (worn)
 f - a scarf of resistance (worn)
 u - a +0 pair of gloves (worn)
 K - a +0 pair of boots (worn)
 V - a +0 hat (worn)
 W - a +1 crystal plate armour (worn)
Jewellery
 B - an amulet of the acrobat (around neck)
 F - a ring of see invisible (left hand)
 P - a ring of resist corrosion (right hand)
Wands
 b - a wand of charming (16)
 h - a wand of paralysis (9)
 q - a wand of acid (12)
 s - a wand of mindburst (19)
 t - a wand of digging (9)
 y - a wand of flame (106)
 M - a wand of iceblast (6)
 X - a wand of polymorph (9)
Scrolls
 l - 2 scrolls of brand weapon
 p - 5 scrolls of enchant armour
 C - 21 scrolls of identify
 D - 7 scrolls of magic mapping
 I - 7 scrolls of teleportation
 J - a scroll of summoning
 N - a scroll of enchant weapon
 R - 3 scrolls of blinking
 S - a scroll of fear
 T - a scroll of silence
Potions
 d - 8 potions of might
 e - 13 potions of flight
 g - 3 potions of berserk rage
 m - 6 potions of heal wounds
 r - a potion of haste
 v - a potion of magic
 z - 6 potions of cancellation
 A - 5 potions of mutation
 E - 4 potions of curing
 Z - 3 potions of ambrosia
Miscellaneous
 n - a condenser vane
 G - a condenser vane


   Skills:
 - Level 11.1(16.1) Fighting
 - Level 16.4(21.4) Long Blades
 - Level 3.1(8.1) Axes
 + Level 8.6(13.6) Throwing
 - Level 15.5(20.5) Armour
 + Level 10.3(15.3) Dodging
 - Level 15.2(20.2) Shields
 + Level 3.5 Spellcasting
 - Level 9.1 Invocations
 - Level 9.3 Evocations


You had 22 spell levels left.
You didn't know any spells.
Your spell library contained the following spells:

 Spells                   Type           Power      Damage    Failure   Level
 Apportation              Tloc           2%         N/A       99%         1
 Beastly Appendage        Tmut           2%         N/A       99%         1
 Sandblast                Erth           2%         2d4       99%         1
 Blink                    Tloc           N/A        N/A       99%         2
 Corpse Rot               Necr/Air       N/A        N/A       99%         2
 Passwall                 Tmut/Erth      0%         N/A       99%         2
 Poisonous Vapours        Pois/Air       2%         N/A       99%         2
 Static Discharge         Conj/Air       1%         N/A       99%         2
 Wereblood                Tmut           1%         N/A       99%         2
 Frozen Ramparts          Ice            2%         1d2       100%        3
 Tukima's Dance           Hex            1%         N/A       100%        3
 Cause Fear               Hex            0%         N/A       100%        4
 Dispel Undead            Necr           1%         3d6       100%        4
 Ice Form                 Ice/Tmut       1%         N/A       100%        4
 Passage of Golubria      Tloc           N/A        N/A       100%        4
 Sticky Flame             Conj/Fire      1%         2d3       100%        4
 Summon Ice Beast         Ice/Summ       1%         N/A       100%        4
 Alistair's Intoxication  Tmut/Pois      0%         N/A       100%        5
 Blade Hands              Tmut           0%         N/A       100%        5
 Fireball                 Conj/Fire      0%         3d3       100%        5
 Freezing Cloud           Conj/Ice/Air   0%         6-21      100%        5
 Iskenderun's Battlesphe  Conj           1%         2d6       100%        5
 Lee's Rapid Deconstruct  Erth           0%         3d5*      100%        5
 Manifold Assault         Tloc           1%         N/A       100%        5
 Yara's Violent Unravell  Hex/Tmut       0%         3d3       100%        5
 Conjure Ball Lightning   Conj/Air       0%         3x3d6     100%        6
 Death Channel            Necr           0%         N/A       100%        6
 Invisibility             Hex            0%         N/A       100%        6
 Simulacrum               Ice/Necr       0%         N/A       100%        6
 Statue Form              Tmut/Erth      0%         N/A       100%        6
 Dragon Form              Tmut           0%         N/A       100%        7
 Orb of Destruction       Conj           0%         N/A       100%        7
 Storm Form               Tmut/Air       0%         N/A       100%        7
 Dragon's Call            Summ           0%         N/A       100%        9
 Polar Vortex             Ice            0%         N/A       100%        9


Dungeon Overview and Level Annotations

Branches:
Dungeon (15/15)            Temple (1/1) D:4            Lair (6/6) D:11
 Shoals (0/4) Lair:4       Spider (3/4) Lair:4        Slime (3/5) Lair:6
    Orc (2/2) D:9             Elf (0/3) Orc:2        Vaults (0/5) D:14
 Depths (0/5) D:15          Sewer (visited)

Altars:
Ashenzari
Cheibriados
Dithmenos
Elyvilon
Fedhas
Gozag
Hepliaklqana
Kikubaaqudgha
Makhleb
Nemelex Xobeh
Okawaru
Qazlal
Ru
Sif Muna
Trog
Uskayaw
Vehumet
Wu Jian
Xom
Yredelemnul
Zin
The Shining One
Beogh

Shops:
D:5 :[[   D:9 :((*(   Orc:2 (([[

Portals:
Abyss: Lair:2

Annotations:
Lair:2 2 transporters, Laukis's ghost, journeyman GrBe


Innate Abilities, Weirdness & Mutations

You have a pair of horns on your head.
You reflexively headbutt those who attack you in melee.
You have a somewhat thin skeletal structure. (Dex +2, Stealth+)
You are dopey. (Int -2)
Your muscles are strong. (Str +2)
You sometimes lose the ability to read scrolls when taking damage.


Message History

The jumping spider bites you.
* * * LOW HITPOINT WARNING * * *
The wolf spider hits you.
* * * LOW HITPOINT WARNING * * *
The wolf spider bites you but does no damage.
The wolf spider hits you but does no damage.
The wolf spider bites you but does no damage.
The hornet stings you.
* * * LOW HITPOINT WARNING * * *
The jumping spider leaps!
The wolf spider hits you.
* * * LOW HITPOINT WARNING * * *
The wolf spider bites you but does no damage.
The redback bites you but does no damage.
You feel much better.
You feel sick.
The wolf spider hits you but does no damage.
The wolf spider bites you.
* * * LOW HITPOINT WARNING * * *
The wolf spider hits you but does no damage.
The wolf spider bites you but does no damage.
The hornet stings you but does no damage.
The jumping spider leaps!
A redback comes into view.
An orb spider comes into view.
The wolf spider completely misses you.
You riposte.
You slash the wolf spider!
The wolf spider is moderately wounded.
The wolf spider bites you.
* * * LOW HITPOINT WARNING * * *
The redback bites you but does no damage.
The hornet stings you but does no damage.
The jumping spider leaps!
The wolf spider hits you but does no damage.
The wolf spider bites you but does no damage.
The wolf spider hits you!
* * * LOW HITPOINT WARNING * * *
The wolf spider bites you but does no damage.
The wolf spider hits you but does no damage.
The wolf spider barely misses you.
The redback bites you but does no damage.
The wolf spider hits you but does no damage.
The wolf spider bites you!
You die...

#####################
..............sss##.#
..........†.ssss@ss^##
......○......s#ysss..###
..........#.ssss#ss○...#
............sBsssss....#
..........>.s..s..ss[.##
........)....○........###
............s.°.........#
........°.s........s....>.#
........†................##


You could see an entropy weaver, 5 wolf spiders, an orb spider, a hornet, 10
jumping spiders, 4 tarantellas and 10 redbacks.

Vanquished Creatures
  Saint Roka (Orc:2)
  4 acid blobs
  Gastronok (D:11)
  Roxanne (D:15)
  A rockslime (Slime:2)
  A ghost moth (Spider:1)
  An emperor scorpion (Spider:2)
  3 quicksilver oozes
  Nessos (Orc:2)
  2 entropy weavers
  2 dire elephants (Spider:1)
  2 fire dragons
  Fannar (D:10)
  The ghost of njkz123 the Zephyrmancer, a journeyman DsAE of Vehumet (D:13)
  An ogre mage (D:14)
  2 boulder beetles
  An ice dragon (D:15)
  Harold (D:11)
  2 catoblepae
  3 hydras
  4 vault guards (D:14)
  3 centaur warriors
  5 two-headed ogres
  A tengu warrior (D:13)
  The ghost of Cykl0x the Carver, a journeyman GrTm of the Shining One (D:11)
  An orc high priest (Orc:2)
  A deep elf knight (Lair:4)
  Sonja (Orc:2)
  3 skeletal warriors
  4 orc knights
  A deep elf archer (Spider:1)
  A lindwurm (Lair:6)
  Pikel (D:6)
  12 orb spiders
  A spectral wolf spider (D:13)
  2 cyclopes
  A harpy (shapeshifter) (D:11)
  2 shining eyes (Slime:3)
  6 ugly things
  4 oklob plants
  3 orc sorcerers
  23 wolf spiders
  2 moths of wrath (Spider:1)
  14 elephants
  7 cane toads
  2 torpor snails
  5 black mambas
  Maggie (D:7)
  A gargoyle (D:13)
  2 molten gargoyles (Lair:6)
  13 komodo dragons
  2 efreet
  4 unseen horrors
  7 demonic crawlers
  3 kobold demonologists (D:12)
  2 rime drakes (Lair:6)
  A yaktaur (D:14)
  A freezing wraith (D:15)
  3 polar bears
  5 trolls
  A tengu conjurer (D:13)
  A jumping spider (shapeshifter) (D:11)
  3 meliai
  37 jumping spiders
  A queen bee (Spider:3)
  2 wolf spider simulacra
  A raiju (shapeshifter) (D:11)
  3 hornets
  Grinder (D:4)
  Prince Ribbit (D:6)
  18 blink frogs
  37 slime creatures
  A meliai zombie (D:13)
  18 tarantellas
  A centaur simulacrum (D:13)
  54 redbacks
  2 shadows
  40 yaks
  7 wyverns
  3 wraiths
  Sigmund (D:6)
  A human (D:14)
  Grum (D:8)
  2 steam dragons
  2 neqoxecs (D:11)
  7 basilisks
  13 vampire mosquitoes
  4 wargs
  2 acid dragons
  12 water moccasins
  5 hell hounds
  2 sky beasts
  21 orc warriors
  A hornet zombie (D:13)
  A black bear (shapeshifter) (D:11)
  An ice beast (D:4)
  6 ogres
  9 wolves
  21 centaurs
  4 kobold brigands
  8 bullfrogs
  5 gnoll sergeants
  A hornet simulacrum (D:15)
  A water moccasin skeleton (D:6)
  34 killer bees
  12 wights
  6 howler monkeys
  4 electric eels
  7 centaur zombies
  5 lava snakes (Lair:6)
  4 hounds
  A bullfrog zombie (D:7)
  2 jellies (D:6)
  22 orc priests
  2 centaur skeletons
  4 gnoll shamans
  A bullfrog skeleton (D:6)
  2 iguanas
  16 orc wizards
  5 hell rats (Lair:6)
  2 howler monkey zombies
  35 gnolls
  11 adders
  3 river rats
  A white imp (D:7)
  An ufetubus (D:7)
  An adder skeleton (D:4)
  2 worms
  2 dart slugs
  69 orcs
  A bat (D:1)
  3 endoplasms
  6 giant cockroaches
  12 hobgoblins
  7 jackals
  25 kobolds
  3 quokkas
  2 ball pythons
  6 goblins
  12 rats
882 creatures vanquished.

Vanquished Creatures (others)
  3 jumping spiders
  3 redbacks
  A tarantella (Spider:2)
  22 fungi
  91 plants
  13 toadstools (D:8)
133 creatures vanquished.

Grand Total: 1015 creatures vanquished

Notes
Turn   | Place    | Note
-------+----------+-------------------------------------------
     0 | D:1      | DenSaoPin the Minotaur Fighter began the quest for the Orb.
     0 | D:1      | Reached XP level 1. HP: 19/19 MP: 0/0
   276 | D:1      | Reached XP level 2. HP: 27/27 MP: 1/1
   281 | D:1      | Reached skill level 3 in Long Blades
   424 | D:1      | Found a faded altar of an unknown god.
   717 | D:2      | Reached XP level 3. HP: 17/33 MP: 2/2
  1380 | D:2      | Reached skill level 4 in Long Blades
  1448 | D:2      | Reached XP level 4. HP: 38/40 MP: 3/3
  1455 | D:2      | Reached skill level 5 in Shields
  2243 | D:3      | Found a shadowy altar of Dithmenos.
  2655 | D:4      | Reached XP level 5. HP: 46/46 MP: 4/4
  2655 | D:4      | Found a staircase to the Ecumenical Temple.
  2674 | Temple   | Entered the Ecumenical Temple
  2892 | Temple   | Became a worshipper of Warmaster Okawaru
  2966 | D:4      | Noticed an ice beast
  3194 | D:4      | Found a sparkling altar of Nemelex Xobeh.
  3236 | D:4      | Noticed Grinder
  3638 | D:5      | Entered Level 5 of the Dungeon
  3658 | D:5      | Reached skill level 5 in Long Blades
  3658 | D:5      | Reached skill level 1 in Invocations
  3876 | D:5      | Found Reav's Book Emporium.
  3969 | D:5      | Found a glowing drain.
  3996 | Sewer    | Entered a sewer
  4179 | Sewer    | Reached skill level 1 in Throwing
  4179 | Sewer    | Reached skill level 5 in Armour
  4179 | Sewer    | Reached XP level 6. HP: 26/52 MP: 6/6
  4355 | Sewer    | Found a white marble altar of Elyvilon.
  4626 | D:5      | Found Baihuocy's Armour Emporium.
  4669 | D:5      | Found Useaxatia's Armour Shop.
  5249 | D:6      | Reached * piety under Okawaru
  5443 | D:6      | Noticed a steam dragon
  5573 | D:4      | Killed Grinder
  5574 | D:4      | Reached XP level 7. HP: 34/58 MP: 5/8
  5994 | D:6      | Killed a steam dragon
  6340 | D:6      | Reached XP level 8. HP: 51/66 MP: 10/10
  6713 | D:6      | Noticed Sigmund
  6721 | D:6      | Killed Sigmund
  6820 | D:6      | Reached skill level 5 in Invocations
  6839 | D:6      | Reached ** piety under Okawaru
  7091 | D:6      | Noticed Prince Ribbit
  7110 | D:6      | Killed Prince Ribbit
  7111 | D:6      | Reached skill level 5 in Throwing
  8090 | D:7      | Noticed Pikel
  8112 | D:6      | Killed Pikel
  8113 | D:6      | Reached XP level 9. HP: 49/71 MP: 10/12
  8297 | D:7      | Found a glowing golden altar of the Shining One.
  9280 | D:7      | Reached skill level 6 in Long Blades
  9485 | D:7      | Reached *** piety under Okawaru
  9688 | D:7      | Reached skill level 10 in Armour
 10025 | D:7      | HP: 1/71 [something (9)]
 10053 | D:7      | HP: 1/71 [something (7)]
 10055 | D:8      | Found an opulent altar of Gozag.
 10077 | D:7      | Killed an unseen horror
 10340 | D:7      | Found a radiant altar of Vehumet.
 10429 | D:7      | Reached skill level 7 in Long Blades
 10538 | D:7      | Noticed Maggie
 10556 | D:7      | Killed Maggie
 11146 | D:7      | Reached XP level 10. HP: 70/76 MP: 13/15
 11342 | D:8      | Reached skill level 1 in Axes
 11971 | D:8      | Reached **** piety under Okawaru
 12297 | D:8      | Found a blossoming altar of Fedhas.
 12325 | D:8      | Noticed an oklob plant
 13256 | D:8      | Noticed Grum
 13281 | D:8      | Killed Grum
 13634 | D:8      | Identified a scroll of acquirement
 13634 | D:8      | Acquired the +9 demon blade of the Evening {flame, *Corrode
                  | rC++ Int+3}
 14073 | D:8      | Killed an oklob plant
 14425 | D:9      | Found a staircase to the Orcish Mines.
 14541 | D:9      | Found Qahovuys's Antique Weapon Emporium.
 14694 | D:9      | Found Zin's Purification Station.
 14697 | D:9      | Found a glowing silver altar of Zin.
 14724 | D:9      | Bought a potion of curing for 90 gold pieces
 14736 | D:9      | Found Lousag's Antique Weapon Shoppe.
 14748 | D:9      | Found Enuil's General Store.
 14763 | D:9      | Bought a potion of curing for 42 gold pieces
 14876 | D:9      | Noticed a two-headed ogre
 14884 | D:9      | Killed a two-headed ogre
 14884 | D:9      | Received a gift from Okawaru
 14885 | D:9      | Reached skill level 8 in Long Blades
 14994 | D:9      | Found Burray's Book Emporium.
 15028 | D:9      | Reached skill level 1 in Dodging
 15053 | D:9      | Reached XP level 11. HP: 25/83 MP: 16/16
 15054 | D:9      | Reached ***** piety under Okawaru
 15361 | D:9      | Found Ohueq's Antique Weapon Shoppe.
 15507 | D:10     | Entered Level 10 of the Dungeon
 15555 | D:10     | Received a gift from Okawaru
 15689 | D:10     | Reached skill level 1 in Evocations
 16078 | D:10     | Reached skill level 5 in Dodging
 16123 | D:10     | Identified the +0 ring mail of Ewny {Harm Dex+2}
 16299 | D:10     | Noticed Fannar
 16326 | D:10     | Killed Fannar
 16669 | D:10     | Found a basalt altar of Yredelemnul.
 16731 | D:10     | Received a gift from Okawaru
 16935 | D:11     | Noticed a two-headed ogre
 16951 | D:11     | Killed a two-headed ogre
 16952 | D:11     | Reached skill level 9 in Long Blades
 17187 | D:11     | Found a staircase to the Lair.
 17276 | D:11     | Noticed Gastronok
 17556 | D:11     | Killed Gastronok
 17556 | D:11     | Received a gift from Okawaru
 17556 | D:11     | Received a gift from Okawaru
 17557 | D:11     | Reached skill level 10 in Long Blades
 17726 | D:11     | Noticed Harold
 17739 | D:11     | Killed Harold
 17740 | D:11     | Reached skill level 5 in Evocations
 17748 | D:11     | Noticed a two-headed ogre
 17762 | D:11     | Killed a two-headed ogre
 17763 | D:11     | Reached XP level 12. HP: 57/91 MP: 17/17
 17972 | D:11     | Gained mutation: Your muscles are strong. (Str +2) [potion
                  | of mutation]
 17972 | D:11     | Gained mutation: Your muscles are very strong. (Str +4)
                  | [potion of mutation]
 17972 | D:11     | Gained mutation: You expend magic power (3 MP) to
                  | strengthen your wands. [potion of mutation]
 18183 | D:11     | Found a runed translucent gate.
 18183 | D:11     | Found a runed translucent gate.
 18183 | D:11     | Found a runed translucent gate.
 18804 | D:11     | Received a gift from Okawaru
 18866 | D:11     | Reached skill level 10 in Shields
 19044 | D:11     | Found a runed translucent gate.
 19044 | D:11     | Found a runed translucent gate.
 19048 | D:11     | Noticed Cykl0x's ghost (journeyman GrTm)
 19049 | D:11     | Found a runed translucent gate.
 19089 | D:11     | Gained mutation: You tend to lose your temper in combat. [a
                  | neqoxec]
 19108 | D:11     | Received a gift from Okawaru
 19116 | D:11     | Gained mutation: Your magical capacity is low. (-10% MP) [a
                  | neqoxec]
 19119 | D:11     | Killed Cykl0x's ghost
 19119 | D:11     | Gained mutation: Your body sometimes deteriorates upon
                  | taking damage. [a neqoxec]
 19120 | D:11     | Reached skill level 11 in Long Blades
 19394 | D:11     | Gained mutation: You are dopey. (Int -2) [mutagenic glow]
 19423 | D:11     | Gained mutation: Your magical capacity is very low. (-20%
                  | MP) [mutagenic glow]
 19467 | D:12     | Received a gift from Okawaru
 19475 | D:12     | Noticed a boulder beetle
 19504 | D:12     | Killed a boulder beetle
 19567 | D:12     | Reached ****** piety under Okawaru
 19581 | D:12     | Received a gift from Okawaru
 19618 | D:12     | Noticed a centaur warrior
 19633 | D:12     | Killed a centaur warrior
 19718 | D:12     | Reached skill level 12 in Long Blades
 20742 | D:13     | Noticed a tengu warrior
 20758 | D:13     | Reached XP level 13. HP: 89/96 MP: 7/14
 21527 | D:13     | Found a runed translucent gate.
 21527 | D:13     | Found a runed translucent gate.
 21527 | D:13     | Found a runed translucent gate.
 21533 | D:13     | Noticed njkz123's ghost (journeyman DsAE)
 21579 | D:13     | Killed njkz123's ghost
 21818 | D:14     | Reached skill level 13 in Long Blades
 22072 | D:14     | Found a shadowy altar of Dithmenos.
 22300 | D:14     | Received a gift from Okawaru
 23004 | D:14     | Found a gate to the Vaults.
 23024 | D:14     | Received a gift from Okawaru
 23587 | D:15     | Entered Level 15 of the Dungeon
 23601 | D:15     | Received a gift from Okawaru
 24083 | D:15     | Identified Roxanne's Almanac of Shape Shifting
 24083 | D:15     | Noticed Roxanne
 24614 | D:15     | Noticed a fire dragon
 24629 | D:15     | Killed a fire dragon
 24630 | D:15     | Reached XP level 14. HP: 64/104 MP: 7/15
 24635 | D:15     | Found a staircase to the Depths.
 25157 | D:15     | Killed Roxanne
 25460 | Lair:1   | Entered Level 1 of the Lair of Beasts
 25547 | Lair:1   | Reached skill level 14 in Long Blades
 25921 | Lair:1   | Reached skill level 5 in Fighting
 26103 | Lair:1   | Identified the +8 falchion of Conversion {speed, rPois
                  | Int+4}
 26286 | Lair:2   | Noticed Laukis's ghost (journeyman GrBe)
 26295 | Lair:2   | Found a transporter.
 26698 | Lair:2   | Found a transporter.
 26724 | Lair:2   | Noticed a tentacled starspawn
 27000 | Lair:2   | Found a one-way gate to the infinite horrors of the Abyss.
 28099 | Lair:4   | Found a hole to the Spider Nest.
 28275 | Lair:4   | Received a gift from Okawaru
 28543 | Lair:4   | Found a staircase to the Shoals.
 28899 | Lair:5   | Received a gift from Okawaru
 29553 | Lair:6   | Entered Level 6 of the Lair of Beasts
 29617 | Lair:6   | Found a staircase to the Slime Pits.
 31354 | Lair:6   | Identified the +9 long sword "Omya" {flame, *Rage rC+ Dex+3
                  | SInv} (Okawaru gifted it to you on level 6 of the Lair of
                  | Beasts)
 31354 | Lair:6   | Received a gift from Okawaru
 31408 | Lair:6   | Reached skill level 15 in Long Blades
 31617 | Lair:6   | Reached XP level 15. HP: 121/121 MP: 16/16
 31661 | Lair:6   | Found a large runed translucent door.
 31662 | Lair:6   | Found a large runed translucent door.
 33040 | Orc:1    | Entered Level 1 of the Orcish Mines
 33594 | Orc:2    | Entered Level 2 of the Orcish Mines
 33937 | Orc:2    | Noticed Sonja
 33940 | Orc:2    | Received a gift from Okawaru
 33955 | Orc:2    | Found a staircase to the Elven Halls.
 33963 | Orc:2    | Killed Sonja
 34155 | Orc:2    | Noticed Nessos
 34174 | Orc:2    | Killed Nessos
 34601 | Orc:2    | Noticed Saint Roka
 34627 | Orc:2    | Reached skill level 15 in Shields
 36370 | Orc:2    | Killed Saint Roka
 36370 | Orc:2    | Received a gift from Okawaru
 36692 | Orc:2    | Found Sieschupn's Antique Armour Emporium.
 36799 | Orc:2    | Found Xahy's Antique Weapon Boutique.
 36800 | Orc:2    | Found Ampimmup's Antique Armour Shop.
 36849 | Orc:2    | Found Aschary's Antique Weapon Emporium.
 37315 | Slime:1  | Entered Level 1 of the Pits of Slime
 37351 | Slime:1  | Noticed an acid blob
 37365 | Slime:1  | Killed an acid blob
 37848 | Slime:2  | Noticed an acid blob
 37854 | Slime:2  | Killed an acid blob
 37861 | Slime:2  | Noticed a rockslime
 37878 | Slime:2  | Received a gift from Okawaru
 37891 | Slime:2  | Killed a rockslime
 37892 | Slime:2  | Reached skill level 10 in Fighting
 38206 | Slime:2  | Reached skill level 16 in Long Blades
 38385 | Slime:3  | Noticed an acid blob
 38392 | Slime:2  | Reached skill level 15 in Armour
 38548 | Slime:3  | Killed an acid blob
 38579 | Slime:3  | Identified the +2 long sword "Qorohaby" {flame, rF+ Dex+4}
                  | (Okawaru gifted it to you on level 3 of the Pits of Slime)
 38579 | Slime:3  | Received a gift from Okawaru
 38684 | Slime:3  | Noticed an acid blob
 38688 | Slime:3  | Gained mutation: You are occasionally teleported next to
                  | monsters. [a shining eye]
 38735 | Slime:3  | Killed an acid blob
 39780 | Spider:1 | Entered Level 1 of the Spider Nest
 39927 | Spider:1 | Reached XP level 16. HP: 98/136 MP: 17/17
 40257 | Spider:1 | Received a gift from Okawaru
 40976 | Spider:1 | Received a gift from Okawaru
 41377 | Spider:1 | Received a gift from Okawaru
 41380 | Spider:1 | Lost mutation: Your muscles are very strong. (Str +4)
                  | [potion of mutation]
 41380 | Spider:1 | Lost mutation: Your magical capacity is very low. (-20% MP)
                  | [potion of mutation]
 41381 | Spider:1 | Lost mutation: You are dopey. (Int -2) [potion of mutation]
 41381 | Spider:1 | Lost mutation: You expend magic power (3 MP) to strengthen
                  | your wands. [potion of mutation]
 41381 | Spider:1 | Lost mutation: Your magical capacity is low. (-10% MP)
                  | [potion of mutation]
 41381 | Spider:1 | Gained mutation: Your magical capacity is low. (-10% MP)
                  | [potion of mutation]
 41381 | Spider:1 | Gained mutation: You are agile. (Dex +2) [potion of
                  | mutation]
 41382 | Spider:1 | Lost mutation: Your magical capacity is low. (-10% MP)
                  | [potion of mutation]
 41382 | Spider:1 | Lost mutation: You are agile. (Dex +2) [potion of mutation]
 41382 | Spider:1 | Lost mutation: Your body sometimes deteriorates upon taking
                  | damage. [potion of mutation]
 41382 | Spider:1 | Lost mutation: You tend to lose your temper in combat.
                  | [potion of mutation]
 41382 | Spider:1 | Gained mutation: Your magical capacity is low. (-10% MP)
                  | [potion of mutation]
 41382 | Spider:1 | Gained mutation: You are somewhat resistant to further
                  | mutation. [potion of mutation]
 41383 | Spider:1 | Lost mutation: Your magical capacity is low. (-10% MP)
                  | [potion of mutation]
 41383 | Spider:1 | Lost mutation: You are somewhat resistant to further
                  | mutation. [potion of mutation]
 41383 | Spider:1 | Lost mutation: You are occasionally teleported next to
                  | monsters. [potion of mutation]
 41383 | Spider:1 | Gained mutation: You sometimes lose the ability to read
                  | scrolls when taking damage. [potion of mutation]
 41383 | Spider:1 | Gained mutation: You are dopey. (Int -2) [potion of
                  | mutation]
 41383 | Spider:1 | Gained mutation: You have a somewhat thin skeletal
                  | structure. (Dex +2, Stealth+) [potion of mutation]
 41924 | Spider:1 | Reached skill level 1 in Spellcasting
 42862 | Spider:2 | Identified the +6 great sword "Eviscerator" {flame, *Rage
                  | rPois Str+5} (Okawaru gifted it to you on level 2 of the
                  | Spider Nest)
 42862 | Spider:2 | Received a gift from Okawaru
 45009 | Spider:2 | Reached skill level 10 in Dodging
 45808 | Spider:3 | Received a gift from Okawaru
 46401 | Spider:3 | HP: 4/137 [wolf spider (6)]
 46402 | Spider:3 | Slain by a wolf spider

Illustrated notes

Levels and vault maps discovered:
D:1:      psy_arrival_spokes, layout_basic, ebering_ecumenical_altar_ruins,
          serial_aquarium, aquarium_bridge_square [aquarium_subvault_balcony,
          aquarium_subvault_bridge, aquarium_subvault_balcony,
          aquarium_subvault_bridge], aquarium_window_corner, aquarium_window_2,
          aquarium_window_corner, aquarium_window_corridor_3, aquarium_view_2f,
          aquarium_view_2a
D:2:      layout_loops_corners, minmay_misc_feat_iff, minmay_misc_feat_cross,
          corexii_corridor_pit, minmay_misc_feat_alley
D:3:      layout_loops_ring, general_overflow_altar, minmay_strange_pillars
D:4:      layout_loops_cross, lemuel_tele_altar, minmay_temple_entry_waves,
          uniq_grinder
D:5:      layout_rooms, portal_sewer_entry_c, serial_shops,
          nicolae_inconvenience_store, kennysheep_mini_moat, shop_fountains
D:6:      minmay_evil_eye, layout_basic, uniq_sigmund, uniq_prince_ribbit1
D:7:      kennysheep_housing_project, layout_loops_ring, vehumet_altar_wand_db,
          amcnicky_altar_gilded, uniq_pikel, uniq_maggie
D:8:      layout_loops_ring, mainiacjoe_overflow_boulevard, tgw_fedhas,
          uniq_grum
D:9:      layout_gridville, zin_purify, orc_0_dummy, serial_shops,
          nicolae_shop_statue_plus, shop, shop, shop_statue, shop
D:10:     layout_stronghold, old_standard_altar, minmay_variable_closet,
          hangedman_abyss_or_decor_stabs, uniq_fannar
D:11:     layout_rooms, erik_lair_orcish_takeover,
          ploomutoo_gammafunk_ghost_potion_laboratory, uniq_harold,
          uniq_gastronok
D:12:     layout_cave_pools
D:13:     layout_basic, gammafunk_ghost_necromancy
D:14:     layout_gridville, grunt_vaults_entry_fortified,
          nicolae_dithmenos_shadow_blocks
D:15:     grunt_enter_depths_hoard, layout_rooms,
          chequers_serial_rivers_micro_e, uniq_roxanne
Temple:   eino_temple_water
Lair:1:   layout_hall_layers, serial_bayou_shore_a
Lair:2:   layout_regular_city, gammafunk_ghost_abyssal_escape
Lair:3:   layout_roguey, lemuel_fruit_tree
Lair:4:   layout_long_grid, minmay_shoals_entry_centaurs,
          spider_nest_entry_rubble, lemuel_fruit_fields
Lair:5:   layout_loops_ring, nicolae_quartered_pool_super
Lair:6:   cheibrodos_lair_end_hotspot, layout_big_grid,
          minmay_slime_entry_oklob_open
Spider:1: nicolae_spider_jumping_over_cracks [nicolae_spider_jumping_sub_notch,
          nicolae_spider_jumping_sub_lake, nicolae_spider_jumping_sub_pools,
          nicolae_spider_jumping_sub_rim], beargit_elvish_explorers
Spider:2: layout_spider_delve
Spider:3: nicolae_spider_mines_1, special_room [special_room_bee],
          hangedman_spider_tarantella_strand
Slime:1:  layout_caves
Slime:2:  layout_caves
Slime:3:  layout_caves
Orc:1:    layout_diamond_mine, nicolae_shop_clearance
Orc:2:    grunt_orc_community_town_hall, layout_caves,
          grunt_orc_community_big_house_2, grunt_orc_community_big_house_1,
          grunt_orc_community_house_2, grunt_orc_community_house_1,
          grunt_orc_community_house_1, grunt_orc_community_house_2, uniq_nessos,
          uniq_sonja

Skill      XL: |  1  2  3  4  5  6  7  8  9 10 11 12 13 14 15 16 |
---------------+-------------------------------------------------+-----
Shields        | 4 5 7 9 11 13 14 15 | 15.2
Long Blades    | 3 4 5 7 8 10 12 13 15 16 | 16.4
Armour         | 4 5 6 9 10 11 12 13 15 | 15.5
Invocations    | 2 3 4 6 8 9 |  9.1
Throwing       | 1 3 4 5 8 |  8.6
Axes           | 3 |  3.1
Dodging        | 3 5 6 10 | 10.3
Evocations     | 5 7 9 |  9.3
Fighting       | 4 8 10 11 | 11.1
Spellcasting   | 3 |  3.5

Action                   |  1- 3 |  4- 6 |  7- 9 | 10-12 | 13-15 | 16-18 || total
-------------------------+-------+-------+-------+-------+-------+-------++-------
Melee: Long sword        |    65 |   165 |   323 |       |       |       ||   553
       Headbutt          |    12 |    30 |    69 |   112 |   302 |   200 ||   725
       Broad axe         |       |       |     5 |   114 |       |       ||   119
       Demon blade       |       |       |       |   367 |   982 |   281 ||  1630
       Falchion          |       |       |       |       |       |   319 ||   319
Throw: Dart              |       |    21 |    97 |    40 |    17 |    11 ||   186
       Boomerang         |       |       |     9 |    56 |    31 |    34 ||   130
       Stone             |       |       |       |     8 |       |       ||     8
       Javelin           |       |       |       |    13 |   147 |    46 ||   206
Invok: Heroism           |       |     1 |     7 |    12 |    12 |     9 ||    41
       Finesse           |       |       |       |     5 |     5 |     5 ||    15
Evoke: Condenser vane    |       |       |       |       |     2 |       ||     2
       Wand              |       |       |       |       |    13 |     7 ||    20
       Lightning rod     |       |       |       |       |     2 |     1 ||     3
  Use: Potion            |       |     1 |     5 |    12 |     4 |    10 ||    32
       Scroll            |       |       |       |    10 |     6 |     1 ||    17
 Stab: Distracted        |       |       |     1 |       |       |       ||     1
       Invisible         |       |       |       |       |     4 |       ||     4
Armor: Scale mail        |    31 |    65 |   116 |       |       |       ||   212
       Plate armour      |       |       |    96 |   296 |    58 |       ||   450
       Crystal plate arm |       |       |       |       |   316 |   494 ||   810
Dodge: Dodged            |    28 |    46 |    88 |   146 |   262 |   406 ||   976
Block: Kite shield       |    35 |   113 |   191 |   349 |   661 |   593 ||  1942
       Rpst.: Long sword |     7 |    22 |    22 |       |       |       ||    51
       Demon blade       |       |       |       |    18 |    39 |    28 ||    85
       Falchion          |       |       |       |       |       |    42 ||    42
